 Dungeon Crawl Stone Soup version 0.21-b1-23-g1fb0a74c36 (webtiles) character file.

157032 RKaid the Severer (level 17, -9/158 HPs)
             Began as a Minotaur Fighter on Jan 5, 2018.
             Was a High Priest of Okawaru.
             Mangled by an anaconda (11 damage)
             ... on level 3 of the Snake Pit on Jan 6, 2018.
             The game lasted 01:25:46 (35822 turns).

RKaid the Severer (Minotaur Fighter)               Turns: 35822, Time: 01:25:47

Health: -9/158     AC: 34    Str: 28    XL:     17   Next: 11%
Magic:  25/25      EV:  8    Int:  8    God:    Okawaru [*****.]
Gold:   2623       SH: 15    Dex: 10    Spells: 15/16 levels left

rFire    + . .     SeeInvis .   v - +1 broad axe (venom)
rCold    . . .     Gourm    .   k - +1 shield
rNeg     + + .     Faith    .   N - +7 plate armour of the Eternal Fruit {rPois rC- Int+3 Slay+2}
rPois    +         Spirit   .   I - +2 hat
rElec    .         Reflect  .   r - scarf {rC+ rF+}
rCorr    .         Harm     .   R - +3 pair of gauntlets of War {Slay+5}
MR       +++..                  W - +2 pair of boots of Dice, Bag, and Bottle {rN++}
Stlth    ..........             B - amulet of rage {+Rage}
HPRegen  0.36/turn              d - ring "Gomomp" {Wiz MR+}
MPRegen  0.19/turn              Q - ring of protection from magic {MR+}

@: constricted
A: retaliatory headbutt, horns 2, mutation resistance 1
a: Heroism, Finesse, Renounce Religion, Evoke Berserk Rage


You were on level 3 of the Snake Pit.
You worshipped Okawaru.
Okawaru was extremely pleased with you.
You were not hungry.

You visited 4 branches of the dungeon, and saw 26 of its levels.
You visited the Abyss 1 time.
You also visited: Labyrinth and Ice Cave.

You collected 2717 gold pieces.
You spent 94 gold pieces at shops.

Inventory:

Hand Weapons
 a - a +2 war axe of electrocution
   (Okawaru gifted it to you on level 2 of the Snake Pit)
 b - the +11 eveningstar of Neucaih {flame, Dex+4 SInv}
   (You found it in a labyrinth)

   It has been specially enchanted to burn those struck by it, causing extra
   injury to most foes and up to half again as much damage against particularly
   susceptible opponents.
   It affects your dexterity (+4).
   It lets you see invisible.
 q - the +2 hunting sling "Iguyt" {freeze, rElec rPois Dex-2}
   (You took it off a crimson imp on level 8 of the Dungeon)

   It causes projectiles fired from it to freeze those they strike, causing
   extra injury to most foes and up to half again as much damage against
   particularly susceptible opponents.
   They can also slow down cold-blooded creatures.
   It affects your dexterity (-2).
   It insulates you from electricity.
   It protects you from poison.
 v - a +1 broad axe of venom (weapon)
   (You acquired it on level 4 of the Lair of Beasts)
 w - the +9 hunting sling "Xisurphi" {freeze, rN++ SInv}
   (You found it on level 4 of the Lair of Beasts)

   It causes projectiles fired from it to freeze those they strike, causing
   extra injury to most foes and up to half again as much damage against
   particularly susceptible opponents.
   They can also slow down cold-blooded creatures.
   It greatly protects you from negative energy.
   It lets you see invisible.
Missiles
 E - a throwing net {=f}
 L - 172 sling bullets
Armour
 k - a +1 shield (worn)
 r - a scarf of resistance (worn)
   (You found it on level 2 of the Dungeon)
 F - a +2 cloak of poison resistance
   (Okawaru gifted it to you on level 6 of the Lair of Beasts)
 I - a +2 hat (worn)
   (You took it off Gastronok on level 8 of the Dungeon)
 N - the +7 plate armour of the Eternal Fruit (worn) {rPois rC- Int+3 Slay+2}
   (Okawaru gifted it to you on level 14 of the Dungeon)

   It affects your intelligence (+3).
   It affects your accuracy and damage with ranged weapons and melee attacks
   (+2).
   It makes you vulnerable to cold.
   It protects you from poison.
 R - the +3 pair of gauntlets of War (worn) {Slay+5}
   (You acquired it on level 1 of the Snake Pit)

   It affects your accuracy and damage with ranged weapons and melee attacks
   (+5).
 W - the +2 pair of boots of Dice, Bag, and Bottle (worn) {rN++}
   (Okawaru gifted it to you on level 8 of the Dungeon)

   It greatly protects you from negative energy.
Jewellery
 d - the ring "Gomomp" (left hand) {Wiz MR+}
   (You found it on level 4 of the Dungeon)

   [ring of wizardry]

   It improves your spell success rate.
   It affects your resistance to hostile enchantments.
 m - an uncursed ring of protection from fire {rF+}
   (You found it on level 6 of the Lair of Beasts)
 u - an uncursed ring of protection from cold {rC+}
   (You found it on level 10 of the Dungeon)
 z - an uncursed ring of resist corrosion
   (You found it in an ice cave)
 B - an amulet of rage (around neck) {+Rage}
   (You took it off a salamander on level 2 of the Snake Pit)
 H - an uncursed ring of flight {+Fly}
   (You found it in a labyrinth)
 Q - a ring of protection from magic (right hand) {MR+}
   (You found it on level 11 of the Dungeon)
Wands
 A - a wand of acid (6)
   (You found it on level 9 of the Dungeon)
 D - a wand of digging (22)
   (You took it off a wight on level 14 of the Dungeon)
 U - a wand of iceblast (28)
   (You found it in a labyrinth)
 V - a wand of flame (68)
   (You found it on level 3 of the Lair of Beasts)
Scrolls
 l - 3 scrolls of blinking {!r}
 o - 10 scrolls of remove curse
 t - 11 scrolls of teleportation
 x - 5 scrolls of magic mapping {!r}
 y - 7 scrolls of immolation {!r}
 C - 4 scrolls of fog
 G - a scroll of summoning
 M - 3 scrolls of fear
Potions
 c - 10 potions of curing
 h - 2 potions of heal wounds
 n - 4 potions of might
 p - 4 potions of haste
 s - a potion of berserk rage {unknown}
 J - 3 potions of ambrosia
 O - a potion of cancellation
 P - 4 potions of agility
 X - 2 potions of invisibility
 Y - a potion of resistance
Miscellaneous
 f - a phantom mirror
 K - a fan of gales
   (You found it on level 14 of the Dungeon)
 T - a lamp of fire
   (You found it on level 13 of the Dungeon)
 Z - a phial of floods
   (You found it on level 4 of the Lair of Beasts)
Comestibles
 e - 39 rations


   Skills:
 + Level 16.1 Fighting
 - Level 18.0(18.3) Axes
 + Level 6.2(13.4) Maces & Flails
 - Level 15.0 Armour
 + Level 8.2 Dodging
 - Level 15.0 Shields
 + Level 12.7 Invocations


You had 15 spell levels left.
You knew the following spells:

 Your Spells              Type           Power        Failure   Level  Hunger
g - Apportation           Tloc           #.....       67%         1    ##.....


Dungeon Overview and Level Annotations

Branches:
Dungeon (15/15)            Temple (0/1) D:7            Lair (6/6) D:11
 Shoals (0/4) Lair:3        Snake (3/4) Lair:4        Slime (0/5) Lair:6
    Orc (2/2) D:9             Elf (0/3) Orc:2        Vaults (0/5) D:13
 Depths (0/5) D:15

Altars:
Ashenzari
Elyvilon
Makhleb
Okawaru
Ru
Sif Muna
Xom
The Shining One
Jiyva

Shops:
D:4 [   D:9 *   D:13 **(:   Orc:2 :*([

Portals:
Trove: D:10 (give +4 shadow dragon scales)

Annotations:
D:7 Dowan, Duvessa
Lair:3 exclusion: 2 oklob plants


Innate Abilities, Weirdness & Mutations

You reflexively headbutt those who attack you in melee.
You have a pair of horns on your head.
You are somewhat resistant to further mutation.


Message History

The naga mage hits you but does no damage.
The shock serpent bites you but does no damage.
The anaconda bites you but does no damage.
The anaconda constricts you.
The anaconda bites you but does no damage.
The shock serpent barely misses you. The anaconda closely misses you.
You furiously retaliate!
You headbutt the anaconda!!
You kill the anaconda!
Okawaru accepts your kill. The naga mage barely misses you.
Okay, then.
Wield which item (- for none, * to show all)? (? for menu, Esc to quit)
Okay, then.
Wield which item (- for none, * to show all)? (? for menu, Esc to quit)
The +2 hunting sling "Iguyt" {freeze, rElec rPois Dex-2} stops glowing.
Your +1 broad axe of venom begins to drip with poison!
v - a +1 broad axe of venom (weapon)
The anaconda bites you but does no damage.
The anaconda constricts you.
The shock serpent bites you but does no damage.
You block the anaconda's attack. The shock serpent bites you.
The shock serpent shocks you! The black mamba bites you!
You are poisoned.
The black mamba poisons you!
It was a potion of heal wounds.
You feel much better.
h - 3 potions of heal wounds;
x - 5 scrolls of magic mapping {!r} You feel sick.
You block the anaconda's attack. The anaconda constricts you.
The anaconda bites you but does no damage.
You block the naga mage's attack. You block the shock serpent's attack.
The black mamba bites you but does no damage.
The shock serpent bites you but does no damage.
The anaconda bites you but does no damage.
The anaconda constricts you.
The naga mage hits you from afar with a spear.
The anaconda bites you but does no damage.
The shock serpent bites you but does no damage.
You slash the anaconda!
The anaconda looks as sick as possible!
Your headbutt misses the anaconda. You miss the anaconda.
You barely miss the shock serpent.
You hit the black mamba but do no damage.
The black mamba is poisoned.
You closely miss the shock serpent.
You feel sick.
The black mamba bites you but does no damage.
The shock serpent bites you but does no damage.
You block the anaconda's attack. The anaconda constricts you.
The anaconda closely misses you. You block the naga mage's attack.
The shock serpent bites you but does no damage.
The black mamba closely misses you.
You slice the anaconda!!
The anaconda looks as sick as possible!
You headbutt the anaconda. You slash the shock serpent!
The shock serpent is poisoned.
The shock serpent's electric aura discharges, shocking you!
You miss the black mamba. You closely miss the shock serpent.
You slash the anaconda!
The anaconda is poisoned.
You feel sick. You block the anaconda's attack.
The anaconda bites you but does no damage.
The anaconda constricts you.
The shock serpent bites you but does no damage.
The naga mage hits you from afar with a spear.
The shock serpent bites you but does no damage.
You feel better. The anaconda barely misses you. You furiously retaliate!
You headbutt the anaconda. The anaconda barely misses you.
The anaconda constricts you.
The shock serpent shoots out a bolt of lightning at you!
The bolt of electricity hits you!
The naga mage hits you but does no damage.
The shock serpent shoots out a bolt of lightning at you!
The bolt of electricity hits you! x2
The bolt of electricity hits the shock serpent.
The shock serpent completely resists.
The anaconda bites you but does no damage. x2
The anaconda constricts you.
The shock serpent bites you but does no damage.
The mana viper bites you but does no damage.
You barely miss the anaconda. Your headbutt misses the anaconda.
You slash the anaconda! You closely miss the shock serpent.
You hit the mana viper. You closely miss the shock serpent.
The anaconda bites you but does no damage. x2
The anaconda constricts you.
The naga mage hits you but does no damage.
The shock serpent bites you but does no damage.
The shock serpent bites you. The shock serpent shocks you!
* * * LOW HITPOINT WARNING * * *
You block the mana viper's attack. You block the anaconda's attack.
Okay, then.
Unknown command.
You feel much better. The anaconda bites you!
* * * LOW HITPOINT WARNING * * *
x2 The anaconda constricts you.
You block the naga mage's attack.
The shock serpent shoots out a bolt of lightning at you!
The bolt of electricity hits you!
* * * LOW HITPOINT WARNING * * *
The bolt of electricity hits you!
* * * LOW HITPOINT WARNING * * *
The bolt of electricity hits the shock serpent.
The shock serpent completely resists.
The shock serpent bites you!
* * * LOW HITPOINT WARNING * * *
The shock serpent shocks you!
* * * LOW HITPOINT WARNING * * *
You block the anaconda's attack. The anaconda bites you!
You die...

. ###### ..
#....# ..
#....##.#
#....(..#
#..SS..#
##.@SS#..(.
#.SSSN....
##.#NN....
####N...(
N.... ....
.... ...


You could see 2 anacondas, a naga ritualist, 2 shock serpents, a mana viper, 2
black mambas, 2 naga magi and 2 nagas.

Vanquished Creatures
  3 tentacled starspawn (Abyss:2)
  Gastronok (D:8)
  Kirke (Lair:6)
  A nagaraja (Snake:2)
  Roxanne (Snake:1)
  An orc warlord (Orc:2)
  A minotaur (Lab)
  Josephine (D:12)
  5 vault guards (D:13)
  Fannar (Lair:1)
  The ghost of moonpresence the Basher, a journeyman GrBe of Trog (D:12)
  An ogre mage (D:13)
  A rakshasa (Abyss:2)
  8 naga warriors
  7 hydras
  3 centaur warriors
  10 anacondas
  9 two-headed ogres
  A death knight (D:14)
  2 orc high priests (Orc:2)
  3 naga sharpshooters
  4 shock serpents
  The ghost of weresquid the Grappler, a novice TrGl of Cheibriados (D:8)
  Sonja (D:13)
  A skeletal warrior (D:14)
  2 salamander mystics
  A spatial maelstrom (Abyss:2)
  A deep elf archer (D:14)
  An unseen horror (D:10)
  5 naga ritualists
  7 starcursed masses (Abyss:2)
  5 orc knights
  8 mana vipers
  A deep elf mage (D:13)
  2 wolf spiders
  7 orc sorcerers (Orc:2)
  21 ugly things
  8 salamanders
  2 manticores
  7 cyclopes
  3 centaur zombies
  3 elephants (Lair:2)
  25 black mambas
  2 torpor snails
  5 naga magi
  2 gargoyles (D:13)
  Joseph (D:7)
  3 guardian serpents
  20 spiny frogs
  3 ice statues (IceCv)
  2 rime drakes
  An efreet (D:13)
  3 kobold demonologists
  An ancient zyme (Abyss:2)
  2 freezing wraiths (D:14)
  9 komodo dragons
  A tengu conjurer (D:13)
  A hellwing (Abyss:2)
  A hornet (shapeshifter) (D:15)
  8 trolls
  Prince Ribbit (D:8)
  4 hornets
  3 slime creatures (D:13)
  8 blink frogs (Lair:6)
  Grinder (D:4)
  A raiju (Abyss:2)
  9 hippogriffs
  11 dream sheep
  A harpy skeleton (D:14)
  A spriggan (Lair:2)
  7 wraiths
  6 flying skulls (Abyss:2)
  Sigmund (D:6)
  A spriggan (shapeshifter) (D:15)
  6 wyverns
  A vampire (D:10)
  5 redbacks (Lair:6)
  A yak (shapeshifter) (D:9)
  A human (Lair:6)
  7 large abominations (Abyss:2)
  2 basilisks
  2 hogs (Lair:6)
  Grum (D:8)
  3 steam dragons (D:7)
  2 hungry ghosts
  7 vampire mosquitoes
  A neqoxec (Abyss:2)
  28 yaks
  A redback simulacrum (D:14)
  A spatial vortex (Abyss:2)
  5 wargs
  2 acid dragons
  24 nagas
  Edmund (D:6)
  20 water moccasins
  3 soldier ants
  7 porcupines
  15 ice beasts
  4 sky beasts
  4 boggarts (D:15)
  44 orc warriors
  4 black bears
  An eye of draining (D:12)
  6 phantoms
  A hornet zombie (D:9)
  2 necrophages
  17 wolves
  32 centaurs
  14 ogres
  A big kobold (D:8)
  12 crocodiles
  28 bullfrogs
  A wyvern zombie (D:8)
  An earth elemental (Abyss:2)
  A gnoll sergeant (D:11)
  6 scorpions
  4 small abominations (Abyss:2)
  5 killer bees (D:11)
  2 vampire bats (D:3)
  21 wights
  3 electric eels (D:11)
  12 crimson imps
  3 bullfrog zombies
  19 orc priests
  11 hounds
  4 jellies
  24 orc wizards
  5 bullfrog skeletons
  5 centaur skeletons
  11 iguanas
  14 worker ants
  A hound zombie (D:6)
  6 gnolls
  8 adders
  4 shadow imps
  An ufetubus (Abyss:2)
  3 oozes
  An adder zombie (D:8)
  A worm (D:2)
  2 dart slugs
  9 leopard geckos
  88 orcs
  3 ball pythons
  15 bats
  7 giant cockroaches
  18 goblins
  16 hobgoblins
  4 jackals
  19 kobolds
  A quokka (D:9)
  6 frilled lizards
  5 goblin skeletons (D:5)
  2 goblin zombies (D:5)
  3 hobgoblin zombies (D:5)
  2 jackal skeletons
  2 kobold skeletons (D:5)
  A kobold zombie (D:5)
  A leopard gecko skeleton (D:6)
  A leopard gecko zombie (D:6)
  An orc skeleton (D:5)
  2 orc zombies (D:5)
  2 quokka skeletons
  A quokka zombie (D:10)
  6 rats
  11 fungi
  3 plants
  3 starspawn tentacles (Abyss:2)
1025 creatures vanquished.

Vanquished Creatures (collateral kills)
  A basilisk (Lair:6)
  A water moccasin (Lair:6)
2 creatures vanquished.

Vanquished Creatures (others)
  An unseen horror (D:15)
  A boggart (D:15)
  A big kobold (D:13)
  A kobold (D:13)
  25 fungi
  28 plants
  4 starspawn tentacles (Abyss:2)
61 creatures vanquished.

Grand Total: 1088 creatures vanquished

Notes
Turn   | Place    | Note
-------+----------+-------------------------------------------
     0 | D:1      | RKaid the Minotaur Fighter began the quest for the Orb.
     0 | D:1      | Reached XP level 1. HP: 19/19 MP: 0/0
   127 | D:1      | Reached skill level 3 in Axes
   211 | D:1      | Reached XP level 2. HP: 27/27 MP: 1/1
   318 | D:1      | Reached skill level 4 in Fighting
   587 | D:1      | Reached XP level 3. HP: 31/33 MP: 2/2
   593 | D:1      | Reached skill level 4 in Axes
  1041 | D:2      | Reached XP level 4. HP: 34/41 MP: 3/3
  1306 | D:2      | Reached skill level 5 in Axes
  2154 | D:3      | Reached XP level 5. HP: 47/47 MP: 4/4
  2170 | D:3      | Reached skill level 5 in Fighting
  2179 | D:3      | Reached skill level 6 in Axes
  2507 | D:4      | Noticed a phantom
  2519 | D:4      | Killed a phantom
  2519 | D:4      | Reached XP level 6. HP: 52/56 MP: 5/5
  2558 | D:4      | Found an iron altar of Okawaru.
  2581 | D:4      | Found Ympoef's Armour Shop.
  2597 | D:4      | Became a worshipper of Warmaster Okawaru
  2626 | D:4      | Reached skill level 7 in Axes
  2643 | D:4      | Reached skill level 6 in Fighting
  2741 | D:4      | Reached XP level 7. HP: 30/63 MP: 6/6
  2762 | D:4      | HP: 14/64 [worker ant (3)]
  2763 | D:4      | Gained mutation: You are dopey. (Int -2) [potion of mutation]
  2763 | D:4      | Gained mutation: Your magical capacity is low. (-10% MP) [potion of mutation]
  2763 | D:4      | Gained mutation: Your muscles are strong. (Str +2) [potion of mutation]
  2770 | D:4      | Reached skill level 8 in Axes
  3037 | D:4      | Noticed Grinder
  3045 | D:4      | Killed Grinder
  3045 | D:4      | Reached * piety under Okawaru
  3045 | D:4      | Reached skill level 7 in Fighting
  3129 | D:4      | Reached skill level 9 in Axes
  3133 | D:4      | Got a slimy lead ring
  3303 | D:4      | Reached skill level 1 in Invocations
  3401 | D:4      | Reached XP level 8. HP: 65/73 MP: 6/6
  3595 | D:5      | Entered Level 5 of the Dungeon
  3596 | D:5      | Identified the ring "Gomomp" {Wiz MR+} (You found it on level 4 of the Dungeon)
  3632 | D:5      | Noticed a hippogriff
  3643 | D:5      | Killed a hippogriff
  3645 | D:5      | Reached ** piety under Okawaru
  3842 | D:5      | Reached skill level 10 in Axes
  3876 | D:5      | Found a sacrificial altar of Ru.
  4062 | D:5      | Reached skill level 8 in Fighting
  4070 | D:5      | Found a glowing golden altar of the Shining One.
  4435 | D:6      | Reached skill level 11 in Axes
  4528 | D:6      | Noticed Edmund
  4537 | D:6      | Killed Edmund
  4538 | D:6      | Reached XP level 9. HP: 80/82 MP: 7/7
  4591 | D:6      | Reached skill level 9 in Fighting
  4595 | D:6      | Reached *** piety under Okawaru
  4640 | D:6      | Noticed Sigmund
  5371 | D:6      | Reached skill level 4 in Armour
  5479 | D:6      | Killed Sigmund
  5479 | D:6      | Reached skill level 12 in Axes
  5479 | D:6      | Reached skill level 4 in Shields
  5845 | D:7      | Reached **** piety under Okawaru
  5850 | D:7      | Reached skill level 5 in Armour
  5850 | D:7      | Reached skill level 5 in Shields
  5870 | D:7      | Found a staircase to the Ecumenical Temple.
  5885 | D:7      | Found a burning altar of Makhleb.
  5898 | D:7      | Noticed Joseph
  6004 | D:7      | Killed Joseph
  6289 | D:7      | Reached skill level 10 in Fighting
  6320 | D:7      | Reached XP level 10. HP: 68/93 MP: 8/8
  6512 | D:7      | Found a deep blue altar of Sif Muna.
  6517 | D:7      | Found a shimmering altar of Xom.
  6548 | D:7      | Found a shimmering altar of Xom.
  6548 | D:7      | Found a shimmering altar of Xom.
  6548 | D:7      | Noticed Duvessa
  6548 | D:7      | Noticed Dowan
  6557 | D:7      | Found a shimmering altar of Xom.
  6593 | D:7      | Found a white marble altar of Elyvilon.
  6596 | D:7      | Reached skill level 13 in Axes
  6729 | D:8      | Noticed Grum
  6748 | D:8      | Killed Grum
  6761 | D:8      | Noticed Prince Ribbit
  6997 | D:8      | Reached skill level 6 in Armour
  6997 | D:8      | Reached skill level 6 in Shields
  7001 | D:8      | Noticed weresquid's ghost (novice TrGl)
  7051 | D:8      | Killed weresquid's ghost
  7051 | D:8      | Reached ***** piety under Okawaru
  7397 | D:8      | Killed Prince Ribbit
  7756 | D:8      | Received a gift from Okawaru
  7759 | D:8      | Got a pair of ichor-stained boots {god gift}
  7768 | D:8      | Identified the +2 pair of boots of Dice, Bag, and Bottle {rN++} (Okawaru gifted it to you on level 8 of the Dungeon)
  8165 | D:8      | Noticed Gastronok
  8181 | D:8      | Killed Gastronok
  8181 | D:8      | Reached skill level 11 in Fighting
  8181 | D:8      | Reached skill level 14 in Axes
  8181 | D:8      | Reached skill level 7 in Armour
  8181 | D:8      | Reached skill level 7 in Shields
  8364 | D:8      | Reached XP level 11. HP: 102/102 MP: 9/9
  8376 | D:8      | Got a twisted hunting sling
  8447 | D:9      | Identified the +2 hunting sling "Iguyt" {freeze, rElec rPois Dex-2} (You took it off a crimson imp on level 8 of the Dungeon)
  8815 | D:9      | Noticed a two-headed ogre
  8830 | D:9      | Killed a two-headed ogre
  8999 | D:9      | Noticed an orb spider
  9013 | D:9      | an orb spider changed into a yak
  9218 | D:9      | Found a staircase to the Orcish Mines.
  9449 | D:9      | Found Xaecor's Assorted Antiques.
  9457 | D:9      | Bought a cyan potion for 21 gold pieces
  9457 | D:9      | Bought a scroll labeled EMPAKL WUTEAMM for 24 gold pieces
  9457 | D:9      | Bought a brown potion for 21 gold pieces
  9482 | D:9      | Found a shattered altar of Ashenzari.
  9809 | D:10     | Entered Level 10 of the Dungeon
  9826 | D:10     | Reached skill level 8 in Shields
  9936 | D:10     | Reached skill level 8 in Armour
 10140 | D:10     | Killed an unseen horror
 10416 | D:10     | Found a portal to a secret trove of treasure.
 10459 | D:10     | Received a gift from Okawaru
 10532 | D:10     | Noticed a two-headed ogre
 10550 | D:10     | Killed a two-headed ogre
 10550 | D:10     | Reached skill level 15 in Axes
 10721 | D:10     | Found an iron altar of Okawaru.
 11483 | D:11     | Noticed a two-headed ogre
 11489 | D:11     | Reached skill level 9 in Shields
 11492 | D:11     | Reached skill level 9 in Armour
 11784 | D:11     | Killed a two-headed ogre
 11784 | D:11     | Reached skill level 12 in Fighting
 12033 | D:11     | Found a staircase to the Lair.
 12047 | D:11     | Noticed a white ugly thing
 12070 | D:11     | Killed a white ugly thing
 12070 | D:11     | Reached XP level 12. HP: 112/112 MP: 2/10
 12442 | Lair:1   | Entered Level 1 of the Lair of Beasts
 12481 | Lair:1   | Received a gift from Okawaru
 12720 | Lair:1   | Noticed Fannar
 12740 | Lair:1   | Killed Fannar
 12740 | Lair:1   | Reached skill level 16 in Axes
 12897 | Lair:1   | Received a gift from Okawaru
 13168 | Lair:1   | Reached skill level 2 in Invocations
 13182 | Lair:1   | Noticed a four-headed hydra
 13191 | Lair:1   | HP: 26/113 [basilisk (8)]
 13191 | Lair:1   | Killed a nine-headed hydra
 13191 | Lair:1   | Reached skill level 10 in Armour
 13191 | Lair:1   | Reached skill level 10 in Shields
 13764 | Lair:2   | Reached skill level 3 in Invocations
 14129 | Lair:2   | Learned a level 1 spell: Apportation
 14190 | Lair:2   | Reached skill level 13 in Fighting
 14350 | Lair:2   | Noticed a five-headed hydra
 14369 | Lair:2   | Reached skill level 4 in Invocations
 14374 | Lair:2   | Killed a five-headed hydra
 15051 | Lair:3   | Found a staircase to the Shoals.
 15066 | Lair:3   | Reached XP level 13. HP: 102/122 MP: 13/13
 15242 | Lair:3   | Reached skill level 11 in Shields
 15277 | Lair:3   | Reached skill level 11 in Armour
 15837 | Lair:4   | Found a labyrinth entrance.
 15851 | Lab      | Entered a labyrinth
 16025 | Lab      | Noticed a minotaur
 16030 | Lab      | Killed a minotaur
 16030 | Lab      | Received a gift from Okawaru
 16030 | Lab      | Reached skill level 5 in Invocations
 16045 | Lab      | Identified Sif Muna's Collected Works on Darkness and the Escort
 16046 | Lab      | Got a brightly glowing eveningstar
 16142 | Lair:4   | Found a frozen archway.
 16163 | IceCv    | Entered an ice cave
 16208 | IceCv    | Reached ****** piety under Okawaru
 17044 | IceCv    | Got shimmering ice dragon scales {rC++, rF-}
 17407 | Lair:4   | Found a staircase to the Snake Pit.
 17466 | Lair:4   | Reached skill level 6 in Invocations
 17474 | Lair:4   | Got a fine hunting sling
 18291 | Lair:4   | Identified a scroll of acquirement
 18431 | Lair:5   | Identified the cursed +1 ice dragon scales of Monotheism {rElec rF- rC++ Stlth+, rC++, rF-} (You found it in an ice cave)
 18532 | Lair:5   | Received a gift from Okawaru
 18532 | Lair:5   | Reached skill level 14 in Fighting
 19176 | Lair:6   | Entered Level 6 of the Lair of Beasts
 19302 | Lair:6   | Reached skill level 12 in Shields
 19304 | Lair:6   | Reached skill level 12 in Armour
 19343 | Lair:6   | Received a gift from Okawaru
 19484 | Lair:6   | Reached skill level 7 in Invocations
 20148 | Lair:6   | Reached XP level 14. HP: 132/132 MP: 16/16
 20440 | Lair:6   | Noticed Kirke
 20454 | Lair:6   | Killed Kirke
 20500 | Lair:6   | HP: 23/132 [11-headed hydra (11)]
 20540 | Lair:6   | HP: 30/132 [water moccasin (6)]
 20546 | Lair:6   | HP: 31/132 [water moccasin (1)]
 21319 | Lair:6   | Found a viscous altar of Jiyva.
 21319 | Lair:6   | Found a staircase to the Slime Pits.
 21492 | Lair:6   | Reached skill level 13 in Shields
 21492 | Lair:6   | Reached skill level 8 in Invocations
 21871 | D:12     | Reached skill level 13 in Armour
 21880 | D:12     | Noticed Josephine
 21893 | D:12     | Killed Josephine
 21918 | D:12     | Received a gift from Okawaru
 22220 | D:12     | Reached skill level 17 in Axes
 22486 | D:12     | Noticed moonpresence's ghost (journeyman GrBe)
 22527 | D:12     | Killed moonpresence's ghost
 23214 | D:13     | Found Qoax's Weapon Boutique.
 23442 | D:13     | Reached skill level 9 in Invocations
 23530 | D:13     | HP: 29/132 [orc warrior/bolt (20)]
 23900 | D:13     | Received a gift from Okawaru
 24081 | D:13     | Noticed Sonja
 24105 | D:13     | Killed Sonja
 24433 | D:13     | Reached skill level 14 in Shields
 24433 | D:13     | Reached XP level 15. HP: 138/138 MP: 18/18
 24451 | D:13     | Found a gate to the Vaults.
 24461 | D:13     | Reached skill level 14 in Armour
 24480 | D:13     | Found Tudiogij's Book Shop.
 24638 | D:13     | Found Jatod's General Store.
 24643 | D:13     | Found Dyigy's General Store.
 24653 | D:13     | Bought a scroll of identify for 28 gold pieces
 24789 | D:14     | Found a shimmering altar of Xom.
 25001 | D:14     | Got a crude morningstar
 25820 | D:14     | Got a scorched chain mail
 25886 | D:14     | Reached skill level 10 in Invocations
 26022 | D:14     | Received a gift from Okawaru
 26179 | D:14     | Got a heavily runed plate armour {god gift}
 26560 | D:15     | Entered Level 15 of the Dungeon
 26638 | D:15     | Reached skill level 18 in Axes
 27826 | D:1      | Identified the +7 plate armour of the Eternal Fruit {rPois rC- Int+3 Slay+2} (Okawaru gifted it to you on level 14 of the Dungeon)
 28140 | D:15     | Identified the +6 morningstar of the Tundras {flame, rN+++ Int-3 Stlth+} (You found it on level 14 of the Dungeon)
 28233 | D:15     | Reached skill level 15 in Shields
 28282 | D:15     | Identified the +11 eveningstar of Neucaih {flame, Dex+4 SInv} (You found it in a labyrinth)
 28376 | D:15     | Found a staircase to the Depths.
 28694 | Orc:1    | Entered Level 1 of the Orcish Mines
 28835 | Orc:1    | Reached skill level 15 in Armour
 28904 | Orc:2    | Entered Level 2 of the Orcish Mines
 28904 | Orc:2    | Found Bekhlova's Antique Weapon Boutique.
 28904 | Orc:2    | Noticed an orc warlord
 28918 | Orc:2    | Reached skill level 1 in Dodging
 28947 | Orc:2    | Killed an orc warlord
 28947 | Orc:2    | Reached skill level 2 in Dodging
 28997 | Orc:2    | Reached skill level 11 in Invocations
 29251 | Orc:2    | Found Milaote's Antique Armour Shoppe.
 29261 | Orc:2    | Found a staircase to the Elven Halls.
 29287 | Orc:1    | Reached skill level 3 in Dodging
 29553 | Orc:2    | Found Neneluto's General Store.
 29750 | Orc:2    | Found Hayrouja's Book Shoppe.
 30027 | Snake:1  | Entered Level 1 of the Snake Pit
 30037 | Snake:1  | Reached XP level 16. HP: 144/147 MP: 20/20
 30097 | Snake:1  | Reached skill level 4 in Dodging
 30461 | Snake:1  | Received a gift from Okawaru
 30568 | Snake:1  | Got a jade-encrusted ring mail
 30585 | Snake:1  | Noticed Roxanne
 30617 | Snake:1  | Killed Roxanne
 30920 | Snake:1  | Reached skill level 5 in Dodging
 30926 | Snake:1  | Reached skill level 15 in Fighting
 31443 | Snake:1  | Reached skill level 1 in Maces & Flails
 31740 | Snake:1  | Reached skill level 6 in Dodging
 31890 | Snake:1  | Reached skill level 2 in Maces & Flails
 32007 | Snake:1  | Reached skill level 12 in Invocations
 32075 | Snake:1  | Identified the +9 hunting sling "Xisurphi" {freeze, rN++ SInv} (You found it on level 4 of the Lair of Beasts)
 32687 | Snake:2  | HP: 37/149 [anaconda (8)]
 32700 | Snake:1  | HP: 27/149 [anaconda (3)]
 32706 | Snake:1  | HP: 26/149 [anaconda (3)]
 32711 | Snake:1  | Reached skill level 3 in Maces & Flails
 33490 | Snake:2  | Cast into level 2 of the Abyss (naga warrior)
 33507 | Abyss:2  | Gained mutation: Armour fits poorly on your strangely shaped body. [a neqoxec]
 33584 | Abyss:2  | Noticed a tentacled starspawn
 33590 | Abyss:2  | Killed a tentacled starspawn
 33590 | Abyss:2  | Received a gift from Okawaru
 33590 | Abyss:2  | Reached skill level 4 in Maces & Flails
 33762 | Abyss:2  | Reached skill level 7 in Dodging
 33947 | Abyss:2  | Noticed a tentacled starspawn
 33964 | Abyss:2  | Killed a tentacled starspawn
 34078 | Abyss:2  | Reached skill level 5 in Maces & Flails
 34142 | Abyss:2  | Noticed a tentacled starspawn
 34145 | Abyss:2  | Killed a tentacled starspawn
 34147 | Snake:2  | Escaped the Abyss
 34658 | Snake:1  | Got a bloodstained hat
 34669 | Snake:1  | Identified the +0 hat "Weomorph" {SInv} (You acquired it on level 1 of the Snake Pit)
 34743 | Snake:1  | Lost mutation: Your muscles are strong. (Str +2) [potion of mutation]
 34743 | Snake:1  | Lost mutation: Your magical capacity is low. (-10% MP) [potion of mutation]
 34743 | Snake:1  | Lost mutation: You are dopey. (Int -2) [potion of mutation]
 34743 | Snake:1  | Lost mutation: Armour fits poorly on your strangely shaped body. [potion of mutation]
 34743 | Snake:1  | Gained mutation: You are resistant to hostile enchantments. (MR+) [potion of mutation]
 34743 | Snake:1  | Lost mutation: You are resistant to hostile enchantments. (MR+) [potion of mutation]
 34743 | Snake:1  | Gained mutation: You are somewhat resistant to further mutation. [potion of mutation]
 34761 | Snake:1  | Found the +3 pair of gauntlets of War {Slay+5}
 34915 | Snake:2  | Reached skill level 16 in Fighting
 34924 | Snake:2  | Reached XP level 17. HP: 128/158 MP: 25/25
 34926 | Snake:2  | Reached skill level 8 in Dodging
 34932 | Snake:2  | Received a gift from Okawaru
 34954 | Snake:2  | Reached skill level 6 in Maces & Flails
 35821 | Snake:3  | HP: 37/158 [shock serpent (12)]
 35822 | Snake:3  | HP: 13/158 [shock serpent (7)]
 35822 | Snake:3  | HP: 2/158 [shock serpent (11)]
 35822 | Snake:3  | Mangled by an anaconda

Skill      XL: |  1  2  3  4  5  6  7  8  9 10 11 12 13 14 15 16 17 |
---------------+----------------------------------------------------+-----
Axes           | 3 4 5 6 7 9 11 12 14 15 16 17 18 | 18.0
Fighting       | 4 5 6 7 8 10 11 12 13 14 16 | 16.1
Invocations    | 1 4 7 9 11 12 | 12.7
Armour         | 5 7 9 10 12 13 15 | 15.0
Shields        | 5 7 9 10 12 14 15 | 15.0
Dodging        | 3 7 8 |  8.2
Maces & Flails | 5 6 |  6.2

Action                   |  1- 3 |  4- 6 |  7- 9 | 10-12 | 13-15 | 16-18 || total
-------------------------+-------+-------+-------+-------+-------+-------++-------
Melee: War axe           |    66 |   166 |   263 |   714 |   216 |    12 ||  1437
       Headbutt          |     5 |    18 |    53 |   168 |   347 |   146 ||   737
       Unarmed           |       |       |     9 |       |       |       ||     9
       Broad axe         |       |       |       |       |  1114 |   301 ||  1415
       Eveningstar       |       |       |       |       |    30 |   188 ||   218
 Fire: Hunting sling     |       |       |       |    39 |    68 |    35 ||   142
Invok: Heroism           |       |       |     2 |    10 |     8 |     5 ||    25
       Finesse           |       |       |       |     3 |     5 |     4 ||    12
 Abil: Evoke Flight      |       |       |       |       |     2 |       ||     2
Evoke: Wand              |       |       |       |     6 |     3 |     1 ||    10
       Phial of floods   |       |       |       |       |     1 |       ||     1
  Use: Potion            |       |       |     3 |       |     1 |     5 ||     9
       Scroll            |       |       |    10 |    14 |    19 |     9 ||    52
 Stab: Distracted        |       |       |       |     1 |       |       ||     1
  Eat: Chunk             |       |     6 |     8 |    13 |    21 |     1 ||    49
       Ration            |       |       |     1 |     5 |     8 |     6 ||    20
Armor: Scale mail        |    35 |    27 |       |       |       |       ||    62
       Chain mail        |       |    59 |    84 |   113 |       |       ||   256
       Plate armour      |       |       |       |   143 |   583 |   244 ||   970
Dodge: Dodged            |    30 |    50 |    55 |   132 |   306 |   160 ||   733
Block: Shield            |    25 |    93 |   129 |   369 |   933 |   399 ||  1948

Table legend:
 A = Turns spent in this place as a percentage of turns spent in the entire game.
 B = Non-inter-level travel turns spent in this place as a percentage of non-inter-level travel turns spent in the entire game.
 C = Inter-level travel turns spent in this place as a percentage of turns spent in this place.
 D = Turns resting spent in this place as a percentage of non-inter-level travel turns spent in this place.
 E = Turns spent auto-exploring this place as a percentage of non-inter-level travel turns spent in this place.
 F = Non-inter-level travel turns spent in this place divided by the number of levels of this place that you've seen.
                   A       B       C       D       E      F
               +-------+-------+-------+-------+-------+----------------------
         Total | 100.0 | 100.0 |   7.4 |  34.4 |  42.5 | 1143.4
       Dungeon |  54.7 |  53.5 |   9.4 |  27.3 |  50.6 | 1183.0
          Lair |  22.8 |  23.3 |   5.1 |  30.3 |  46.4 | 1289.2
     Snake Pit |  14.3 |  14.3 |   7.5 |  62.7 |  20.6 | 1576.3
  Orcish Mines |   3.3 |   3.5 |   2.7 |  23.7 |  49.0 | 575.0
         Abyss |   1.8 |   2.0 |   0.0 |  44.0 |   0.0 | 657.0
     Labyrinth |   0.6 |   0.7 |   0.0 |   1.8 |   0.0 | 224.0
      Ice Cave |   2.6 |   2.8 |   0.0 |  75.4 |   0.0 | 918.0
               +-------+-------+-------+-------+-------+----------------------

Table legend:
 A = Kills in this place as a percentage of kills in entire the game.
 B = Kills by you in this place as a percentage of kills by you in the entire game.
 C = Kills by friends in this place as a percentage of kills by friends in the entire game.
 D = Other kills in this place as a percentage of other kills in the entire game.
 E = Experience gained in this place as a percentage of experience gained in the entire game.
 F = Experience gained in this place divided by the number of levels of this place that you have seen.
                   A       B       C       D       E      F
               +-------+-------+-------+-------+-------+----------------------
         Total | 100.0 | 100.0 | 100.0 | 100.0 | 100.0 | 7735.6
       Dungeon |  56.9 |  57.0 |   0.0 | 100.0 |  37.7 | 5643.0
          Lair |  19.2 |  19.1 | 100.0 |   0.0 |  21.9 | 8204.5
     Snake Pit |   9.5 |   9.5 |   0.0 |   0.0 |  24.3 | 18197.3
  Orcish Mines |   9.5 |   9.5 |   0.0 |   0.0 |   6.6 | 7415.5
         Abyss |   3.7 |   3.7 |   0.0 |   0.0 |   7.4 | 16683.0
     Labyrinth |   0.1 |   0.1 |   0.0 |   0.0 |   0.5 | 1118.0
      Ice Cave |   1.1 |   1.1 |   0.0 |   0.0 |   1.4 | 3236.0
               +-------+-------+-------+-------+-------+----------------------
